 Dungeon Crawl Stone Soup version 0.30.1-3-gfc49f6343a (webtiles) character file.

Game seed: 14125525125764092220

9862 Peloso the Carver (level 11, -3/145 HPs)
             Began as a Minotaur Fighter on July 29, 2023.
             Slain by a five-headed hydra (11 damage)
             ... on level 9 of the Dungeon.
             The game lasted 00:16:36 (11061 turns).

Peloso the Carver (Minotaur Fighter)               Turns: 11061, Time: 00:16:37

Health: -3/145     AC: 11    Str: 23    XL:     11   Next: 28%
Magic:  10/10      EV: 13    Int:  5    God:
Gold:   530        SH: 11    Dex: 18    Spells: 10/10 levels left

rFire   . . .        c - +0 spear (flame)
rCold   . . .        d - +0 kite shield
rNeg    . . .        v - +0 swamp dragon scales
rPois   +            (helmet restricted)
rElec   .            (no cloak)
rCorr   .            (no gloves)
SInv    .            K - +0 pair of boots
Will    .....        (no amulet) Stlth
                     E - +6 ring of dexterity
HPRegen 0.44/turn    (no ring)
MPRegen 0.12/turn

%: no passive effects
@: berserking, very quick
A: horns 2, retaliatory headbutt
a: no special abilities


You were on level 9 of the Dungeon.
You visited 2 branches of the dungeon, and saw 10 of its levels.

You collected 530 gold pieces.

Inventory:

Hand Weapons
 a - a +1 long sword of freezing
 b - the +8 mace of Mounedgh {venom, rN+ Str+2}
   (You found it on level 6 of the Dungeon)

   Str:       It affects your strength (+2).
   rN:        It protects you from negative energy.
 c - a +0 spear of flaming (weapon)
Missiles
 z - 5 throwing nets (quivered)
Armour
 d - a +0 kite shield (worn)
 q - a +1 scale mail of cold resistance
 v - +0 swamp dragon scales (worn)
 K - a +0 pair of boots (worn)
Magical Staves
 C - a staff of fire
Jewellery
 f - a ring of positive energy
 o - a ring of wizardry
 E - a +6 ring of dexterity (left hand)
Wands
 j - a wand of polymorph (10)
 p - a wand of flame (21)
 x - a wand of mindburst (21)
 D - a wand of charming (7)
Scrolls
 g - a scroll of enchant weapon
 i - a scroll of fear
 m - a scroll of fog {unknown}
 s - a scroll of magic mapping
 w - a scroll of poison
 y - a scroll of summoning {unknown}
 F - a scroll of brand weapon
 G - a scroll of teleportation
 H - a scroll of vulnerability {unknown}
 I - a scroll of enchant armour {unknown}
 J - a scroll of identify
Potions
 e - a potion of resistance
 h - a potion of invisibility
 k - a potion of cancellation
 l - 2 potions of might
 n - 3 potions of flight
 r - a potion of haste
 t - a potion of ambrosia {unknown}
 A - 3 potions of mutation {unknown}
 B - 3 potions of degeneration {unknown}


   Skills:
 + Level 9.5 Fighting
 + Level 10.5 Long Blades
 + Level 9.6 Maces & Flails
 + Level 10.2 Armour
 + Level 5.2 Dodging
 + Level 2.3 Stealth
 + Level 7.2 Shields
 + Level 1.1 Evocations


You had 10 spell levels left.
You didn't know any spells.
Your spell library contained the following spells:

 Spells                   Type           Power      Damage    Failure   Level
 Freeze                   Ice            0%         1d3       83%         1
 Magic Dart               Conj           0%         1d3       83%         1
 Necrotise                Necr           0%         1d4       83%         1
 Sting                    Tmut/Pois      0%         1d3       83%         1
 Summon Small Mammal      Summ           0%         N/A       83%         1
 Call Imp                 Summ           0%         N/A       92%         2
 Poisonous Vapours        Pois/Air       0%         N/A       92%         2
 Scorch                   Fire           0%         2d5       92%         2
 Sublimation of Blood     Necr           0%         N/A       92%         2
 Wereblood                Tmut           0%         N/A       92%         2
 Call Canine Familiar     Summ           0%         N/A       99%         3
 Frozen Ramparts          Ice            0%         1d1       99%         3
 Hailstorm                Conj/Ice       0%         3d3       99%         3
 Mephitic Cloud           Conj/Pois/Air  0%         N/A       99%         3
 Summon Guardian Golem    Hex/Summ       0%         N/A       99%         3
 Vampiric Draining        Necr           0%         2d6       99%         3
 Flame Wave               Conj/Fire      0%         2d4       100%        4
 Olgreb's Toxic Radiance  Pois           0%         N/A       100%        4
 Agony                    Necr           0%         N/A       100%        5
 Freezing Cloud           Conj/Ice/Air   0%         6-21      100%        5
 Summon Forest            Summ/Tloc      0%         N/A       100%        5
 Summon Mana Viper        Hex/Summ       0%         N/A       100%        5
 Summon Cactus Giant      Summ           0%         N/A       100%        6
 Summon Hydra             Summ           0%         N/A       100%        7


Dungeon Overview and Level Annotations

Branches:
Dungeon (9/15)             Temple (1/1) D:5            Lair (0/5) D:8
    Orc (0/2) D:9

Altars:
Cheibriados
Elyvilon
Fedhas
Gozag
Nemelex Xobeh
Qazlal
Ru
Sif Muna
Trog
Uskayaw
Vehumet
Xom
Yredelemnul
Zin
The Shining One

Shops:
D:1 =   D:5 !:=

Annotations:
D:3 1 runed translucent door, Crazy Yiuf
D:9 3 runed translucent doors, H0rd4k's ghost, journeyman OpAr


Innate Abilities, Weirdness & Mutations

You have a pair of horns on your head.
You reflexively headbutt those who attack you in melee.


Message History

You completely miss the five-headed hydra.
Your headbutt misses the five-headed hydra.
The five-headed hydra bites you!
The five-headed hydra bites you but does no damage.
The five-headed hydra barely misses you.
You block the five-headed hydra's attack.
The five-headed hydra bites you!
* * * LOW HITPOINT WARNING * * *
You puncture the five-headed hydra! You burn the five-headed hydra.
The five-headed hydra is moderately wounded.
You block the five-headed hydra's attack.
The five-headed hydra closely misses you.
The five-headed hydra misses you.
The five-headed hydra bites you but does no damage.
The five-headed hydra bites you.
* * * LOW HITPOINT WARNING * * *
You barely miss the five-headed hydra. You headbutt the five-headed hydra!
The five-headed hydra is moderately wounded.
Unknown command.
You puncture the five-headed hydra! You burn the five-headed hydra.
The five-headed hydra is heavily wounded.
The five-headed hydra misses you. You furiously retaliate!
You headbutt the five-headed hydra!
You block the five-headed hydra's attack.
The five-headed hydra closely misses you.
The five-headed hydra bites you!
* * * LOW HITPOINT WARNING * * *
The five-headed hydra bites you.
* * * LOW HITPOINT WARNING * * *
You puncture the five-headed hydra! You burn the five-headed hydra.
Your headbutt misses the five-headed hydra.
The five-headed hydra is almost dead.
The five-headed hydra bites you.
* * * LOW HITPOINT WARNING * * *
The five-headed hydra bites you but does no damage.
The five-headed hydra bites you.
* * * LOW HITPOINT WARNING * * *
You block the five-headed hydra's attack.
The five-headed hydra bites you!
You die...

.###.....#..##############.#
...#8...8#....'.........'..#
...###'###..######...#####.#
.......)[)..####.#.8.#...#.#
...#######....##.#...#...#'#
######...........#####.....###
.............................#
...>.......#####.#####.#####+#
...........#.Y.#@# .#.#
##.........#y..#D#...#.#
#########.#.?.'Y'..[+.+
#.############# ###


You could see a five-headed hydra and a yak.

Vanquished Creatures
  Harold (D:9)
  2 two-headed ogres
  Maggie (D:6)
  A komodo dragon (D:8)
  A kobold demonologist (D:5)
  2 trolls (D:9)
  Grinder (D:5)
  A hornet (D:9)
  Sigmund (D:2)
  A shadow (D:9)
  7 yaks (D:8)
  3 wyverns
  Eustachio (D:5)
  Edmund (D:6)
  Duvessa (D:5)
  3 water moccasins
  An acid dragon (D:9)
  3 sky beasts
  2 orc warriors (D:9)
  3 black bears (D:8)
  2 ice beasts
  8 ogres
  3 centaurs
  2 phantoms (D:5)
  3 kobold brigands (D:9)
  5 bullfrogs
  3 gnoll sergeants
  3 scorpions
  Dowan (D:5)
  5 killer bees (D:9)
  An electric eel (D:7)
  6 hounds
  2 gnoll boudas
  4 orc priests
  A sleepcap (D:5)
  Ijyb (D:3)
  An iguana (D:6)
  4 orc wizards
  13 gnolls
  3 adders
  A shadow imp (D:8)
  3 white imps
  3 worms
  2 dart slugs
  13 orcs
  6 ball pythons
  5 endoplasms
  11 goblins
  7 hobgoblins
  2 jackals (D:5)
  8 kobolds
  A quokka (D:2)
  6 bats
  3 frilled lizards
  5 rats
184 creatures vanquished.

Notes
Turn   | Place    | Note
-------+----------+-------------------------------------------
     0 | D:1      | Peloso the Minotaur Fighter began the quest for the Orb.
     0 | D:1      | Reached XP level 1. HP: 19/19 MP: 0/0
   196 | D:1      | Found Wuext's Jewellery Emporium.
   197 | D:1      | Found a faded altar of an unknown god.
   441 | D:1      | Reached XP level 2. HP: 26/27 MP: 1/1
  1256 | D:2      | Noticed Sigmund
  1421 | D:3      | Found a runed translucent door.
  1422 | D:3      | Noticed Crazy Yiuf
  1487 | D:3      | Noticed Ijyb
  1503 | D:3      | Killed Ijyb
  1504 | D:3      | Reached XP level 3. HP: 11/33 MP: 2/2
  2503 | D:4      | Reached XP level 4. HP: 36/40 MP: 3/3
  2549 | D:4      | Noticed a scorpion
  2562 | D:4      | Killed a scorpion
  2563 | D:4      | Reached XP level 5. HP: 17/46 MP: 4/4
  2756 | D:4      | Reached skill level 5 in Armour
  2799 | D:4      | Reached skill level 1 in Dodging
  3438 | D:5      | Entered Level 5 of the Dungeon
  3480 | D:5      | Noticed a phantom
  3489 | D:5      | Killed a phantom
  3490 | D:5      | Reached skill level 5 in Long Blades
  3490 | D:5      | Reached XP level 6. HP: 40/53 MP: 5/5
  3606 | D:5      | Noticed a kobold demonologist
  3807 | D:5      | Found a staircase to the Ecumenical Temple.
  3811 | D:5      | Noticed Dowan
  3811 | D:5      | Noticed Duvessa
  3816 | Temple   | Entered the Ecumenical Temple
  4165 | D:5      | Killed Duvessa
  4166 | D:5      | Reached skill level 5 in Fighting
  4166 | D:5      | Reached XP level 7. HP: 54/61 MP: 6/6
  4171 | D:5      | Killed a kobold demonologist
  4178 | D:5      | Killed Dowan
  4216 | D:5      | Noticed Grinder
  4220 | D:5      | Paralysed by Grinder for 5 turns
  4236 | D:5      | Killed Grinder
  4237 | D:5      | Reached XP level 8. HP: 48/69 MP: 7/7
  4405 | D:5      | Found Zusil's Book Shoppe.
  4415 | D:5      | Noticed Eustachio
  4445 | D:5      | Killed Eustachio
  4446 | D:5      | Reached skill level 1 in Stealth
  4840 | D:5      | Found Xehagr Ophaf's Jewellery Boutique.
  4858 | D:5      | Found Aparheg's Distillery.
  4943 | D:5      | Identified the +1 sling "Juvvios" {flame, Will+}
  5291 | D:2      | Killed Sigmund
  5292 | D:2      | Reached skill level 5 in Shields
  5852 | D:6      | Noticed Edmund
  5875 | D:6      | Killed Edmund
  6143 | D:6      | Reached XP level 9. HP: 8/75 MP: 8/8
  6448 | D:6      | Identified the +1 leather armour "Darhicae" {Rampage}
  6600 | D:6      | Noticed Maggie
  6619 | D:6      | Killed Maggie
  6835 | D:6      | Reached skill level 10 in Long Blades
  6903 | D:6      | Found the +4 robe of Augmentation {Str+4 Int+4 Dex+4}
  7064 | D:6      | Identified the +8 mace of Mounedgh {venom, rN+ Str+2}
  7448 | D:7      | Identified the +2 robe of the Abyss {Fly Str+5 Int-2 SInv}
  7547 | D:7      | Noticed a two-headed ogre
  7555 | D:7      | Killed a two-headed ogre
  8554 | D:8      | Noticed a komodo dragon
  8570 | D:8      | Reached skill level 1 in Evocations
  8570 | D:8      | Reached XP level 10. HP: 88/88 MP: 9/9
  8597 | D:8      | Reached skill level 5 in Maces & Flails
  8597 | D:8      | Found a staircase to the Lair.
  9493 | D:9      | Noticed H0rd4k's ghost (journeyman OpAr)
  9665 | D:9      | Found a runed translucent gate.
  9665 | D:9      | Found a runed translucent gate.
  9665 | D:9      | Found a runed translucent gate.
  9665 | D:9      | Noticed a two-headed ogre
  9681 | D:9      | Killed a two-headed ogre
  9682 | D:9      | Reached skill level 10 in Armour
  9925 | D:9      | Noticed Harold
  9936 | D:9      | Killed Harold
 10061 | D:9      | Reached XP level 11. HP: 55/97 MP: 10/10
 10389 | D:9      | Found a staircase to the Orcish Mines.
 10419 | D:9      | Reached skill level 5 in Dodging
 11025 | D:9      | Found a sparkling altar of Nemelex Xobeh.
 11050 | D:9      | Noticed a five-headed hydra
 11061 | D:9      | Slain by a five-headed hydra

Illustrated notes

Levels and vault maps discovered:
D:1:      minmay_arrival_checkered_box, layout_basic,
          ebering_ecumenical_altar_abandoned, serial_shops, nicolae_shop_stone
D:2:      layout_basic, uniq_sigmund
D:3:      layout_basic, minivault_4, minivault_19, uniq_ijyb,
          uniq_crazy_yiuf_cottage
D:4:      cheibrodos_greedy_goblins, layout_loops_cross, minmay_cut_off
D:5:      layout_loops_corners, temple_statues, serial_shops,
          nicolae_shop_gaudy_bauble, nicolae_stop_n_shop_1,
          nicolae_stop_n_shop_2, uniq_grinder, uniq_duvessa, uniq_eustachio
D:6:      layout_loops_ring, uniq_maggie, uniq_edmund
D:7:      layout_loops_ring, grunt_ministairs_14, minivault_4, minivault_25
D:8:      layout_basic, due_lair_maze_entry_diamond
D:9:      wad_statue_garden, layout_irregular_city, minitemple,
          kennysheep_orc_monster_closet_entryway, gammafunk_ghost_split,
          uniq_harold
Temple:   zaba_magenta_temple

Skill      XL: |  1  2  3  4  5  6  7  8  9 10 11 |
---------------+----------------------------------+-----
Shields        | 4 5 6 7 |  7.2
Armour         | 4 5 6 7 8 9 10 | 10.2
Fighting       | 4 5 6 7 9 |  9.5
Long Blades    | 3 4 5 7 9 10 | 10.5
Dodging        | 1 2 3 4 5 |  5.2
Stealth        | 1 2 |  2.3
Maces & Flails | 3 8 9 |  9.6
Evocations     | 1 |  1.1

Action                     |  1- 3 |  4- 6 |  7- 9 | 10-12 || total
---------------------------+-------+-------+-------+-------++-------
  Melee: Long sword        |   102 |   111 |   150 |       ||   363
         Headbutt          |     8 |    17 |    46 |    49 ||   120
         Mace              |       |       |    48 |   180 ||   228
         Spear             |       |       |       |     5 ||     5
  Evoke: Wand              |       |       |     6 |       ||     6
    Use: Potion            |     3 |     1 |     3 |     1 ||     8
         Scroll            |       |     3 |     7 |     4 ||    14
 Armour: Scale mail        |    49 |    64 |    41 |       ||   154
         Swamp dragon scal |       |       |    30 |    48 ||    78
  Dodge: Dodged            |    54 |    33 |    94 |   135 ||   316
  Block: Buckler           |    23 |    18 |    41 |    46 ||   128
         Kite shield       |       |       |       |    39 ||    39
